 Dungeon Crawl Stone Soup version 0.15.0-14-g6bbbb5c (webtiles) character file.

50 HungrySpirit the Fey Formicid (level 4, 0/33 HPs)
             Began as a Formicid Death Knight on Sept 4, 2014.
             Was a Believer of Yredelemnul.
             Slain by an orc
             ... wielding a +0 dagger
              (2 damage)
             ... on Level 3 of the Dungeon.
             The game lasted 00:03:32 (2288 turns).

HungrySpirit the Fey Formicid (FoDK)                Turns: 2288, Time: 00:03:32

HP   0/33        AC  5     Str 19      XL: 4   Next:  4%
MP  11/17        EV 15     Int 10      God: Yredelemnul [**....]
Gold 89          SH  0     Dex 15      Spells:  0 memorised,  3 levels left

rFire  . . .     SeeInvis +     a - +1 falchion
rCold  + . .     Clarity  .     f - +0 ring mail
rNeg   . . .     rCorr    .     (no shield)
rPois  .         rRot     .     (helmet unavailable)
rElec  .         Spirit   .     (no cloak)
SustAb .         Warding  .     (no gloves)
rMut   .         Stasis   +     (no boots)
Gourm  .                        (no amulet)
MR     .....                    p - ring of magical power
                                o - ring of protection from cold

@: agile, lethally poisoned, not resistant to hostile enchantments, unstealthy
A: permanent stasis, dig shafts and tunnels, four strong arms, antennae 3
a: Dig, Shaft Self, Animate Remains, Recall Undead Slaves, Injury Mirror,
Renounce Religion


You were on level 3 of the Dungeon.
You worshipped Yredelemnul.
Yredelemnul was pleased with you.
You were not hungry.

You visited 1 branch of the dungeon, and saw 3 of its levels.

You collected 89 gold pieces.

Inventory:

Hand weapons
 a - a +1 falchion (weapon)
Armour
 f - a +0 ring mail (worn)
Comestibles
 c - 3 bread rations
 h - 2 slices of pizza
Scrolls
 b - a scroll of random uselessness {unknown}
 i - a scroll of noise {unknown}
 k - a scroll of amnesia {unknown}
 l - 2 scrolls of identify {unknown}
Jewellery
 o - a ring of protection from cold (left hand)
 p - a ring of magical power (right hand)
Potions
 e - a potion of magic {unknown}
 m - a potion of poison {unknown}
 n - a potion of lignification {unknown}


   Skills:
 - Level 2.1 Fighting
 * Level 3.4 Long Blades
 - Level 1.1 Armour
 - Level 0.8 Dodging
 + Level 4.1 Invocations


You had 3 spell levels left.
You didn't know any spells.

Dungeon Overview and Level Annotations

Branches:
Dungeon (3/15)

Altars:


Innate Abilities, Weirdness & Mutations

Your are under a permanent stasis effect.
You can dig through walls and to a lower floor.
Your four strong arms can wield two-handed weapons with a shield.
You have a pair of large antennae on your head (SInv).


Message History

Unknown command.
Unknown command.
Unknown command.
You barely miss the orc wizard.
The orc wizard is severely wounded.
You feel sick. The orc wizard closely misses you. The orc closely misses you.
The goblin misses you.
The orc wizard loudly yells encouragement to no one in particular.
The orc wizard barely misses you. The orc wizard casts a spell at you.
The magic dart hits you!
* * * LOW HITPOINT WARNING * * *
Unknown command.
Unknown command.
Drink which item? (? for menu, Esc to quit)
You feel refreshed.
It was a potion of restore abilities.
* * * LOW HITPOINT WARNING * * *
You feel sick. The orc hits you with a dagger.
You die...
Your body rises from the dead as a mindless zombie.

###### #....Z #.#### {
#.# ... #############.#
.....####.............#
.......boo....##.######
......gog@....##.#
.....###o....##.# ....
#.....##.# ...
########.# . #.# ...
###


You could see 2 orc wizards, 2 orcs, a hobgoblin, a goblin and a bat.

Vanquished Creatures
  An adder (D:2)
  A worm (D:2)
  A giant gecko (D:3)
  An orc (D:3)
  3 giant cockroaches
  7 hobgoblins
  A quokka (D:2)
  4 giant newts
  3 goblins
  4 jackals (D:2)
  3 kobolds
  2 rats
31 creatures vanquished.

Vanquished Creatures (collateral kills)
  A bat (D:2)
  2 hobgoblins
3 creatures vanquished.

Vanquished Creatures (others)
  A goblin zombie (D:3)
  2 hobgoblin zombies (D:3)
  A kobold zombie (D:2)
4 creatures vanquished.

Grand Total: 38 creatures vanquished

Notes
Turn   | Place    | Note
--------------------------------------------------------------
     0 | D:1      | HungrySpirit, the Formicid Death Knight, began the quest for the Orb.
     0 | D:1      | Reached XP level 1. HP: 16/16 MP: 2/2
   614 | D:1      | Reached XP level 2. HP: 22/22 MP: 5/5
  1369 | D:2      | Reached XP level 3. HP: 23/27 MP: 6/6
  1894 | D:2      | Acquired Yredelemnul's second power
  2114 | D:3      | Reached skill level 4 in Invocations
  2254 | D:3      | Reached XP level 4. HP: 25/33 MP: 6/8
  2288 | D:3      | Slain by an orc

Action                   |  1- 3 |  4- 6 || total
-------------------------+-------+-------++-------
Melee: Falchion          |   127 |    11 ||   138
Invok: Animate Remains   |    13 |       ||    13
  Use: Potion            |       |     4 ||     4
  Eat: Chunk             |     5 |       ||     5
